 Dungeon Crawl Stone Soup version 0.30-a0-778-g2ef04afb54 (webtiles) character file.

Game seed: 7190708664152719407

13111 cforsyth the Nimble (level 12, -15/80 HPs)
             Began as a Tengu Hedge Wizard on Feb 16, 2023.
             Was an Initiate of Gozag.
             Demolished by a polar bear (24 damage)
             ... on level 1 of the Lair of Beasts.
             The game lasted 00:38:40 (18938 turns).

cforsyth the Nimble (Tengu Hedge Wizard)           Turns: 18938, Time: 00:38:41

Health: -15/80     AC: 13    Str: 11    XL:     12   Next: 2%
Magic:  21/21      EV: 20    Int: 20    God:    Gozag
Gold:   1943       SH:  0    Dex: 13    Spells: 14/22 levels left

rFire   + + .      SeeInvis +    I - +2 whip (flame)
rCold   . . .      Faith    .    (no shield)
rNeg    + . .      Spirit   .    R - +3 leather armour "Goac" {Fly Str+4}
rPois   +          Reflect  .    c - +0 hat
rElec   +          Harm     .    x - +5 cloak of Plog {rN+ Slay+3 SInv}
rCorr   .          Rampage  .    r - +0 pair of gloves
Will    .....                    (boots unavailable)
Stlth   ++                       J - amulet of Uxtumn {RegenMP rElec rPois rF++ Str-4}
HPRegen 0.33/turn                (no ring)
MPRegen 0.57/turn                (no ring)

@: flying quickly and evasively, quick
A: beak, talons 3, nimble flight
a: Renounce Religion, Potion Petition, Call Merchant, Bribe Branch


You were on level 1 of the Lair of Beasts.
You worshipped Gozag.
Gozag was most pleased with you.
You visited 3 branches of the dungeon, and saw 14 of its levels.
You also visited: Ossuary.

You collected 2137 gold pieces.
You paid 194 gold pieces to Gozag.

Inventory:

Hand Weapons
 I - a +2 whip of flaming (weapon)
Missiles
 a - 3 throwing nets
Armour
 b - a +0 robe
 c - a +0 hat (worn)
 k - a +2 cloak
 r - a +0 pair of gloves (worn)
 x - the +5 cloak of Plog (worn) {rN+ Slay+3 SInv}
   (You found it on level 5 of the Dungeon)

   Slay:      It affects your accuracy & damage with ranged weapons and melee
   (+3).
   rN:        It protects you from negative energy.
   SInv:      It lets you see invisible.
 E - a +3 leather armour of fire resistance
 R - the +3 leather armour "Goac" (worn) {Fly Str+4}
   (You found it on level 12 of the Dungeon)

   Str:       It affects your strength (+4).
   Fly:       It grants you flight.
Jewellery
 B - a ring of ice
 J - the amulet of Uxtumn (around neck) {RegenMP rElec rPois rF++ Str-4}
   (You found it on level 9 of the Dungeon)

   [amulet of magic regeneration]

   It increases your rate of magic regeneration.
   Str:       It affects your strength (-4).
   rF:        It greatly protects you from fire.
   rElec:     It insulates you from electricity.
   rPois:     It protects you from poison.
 N - a ring of willpower
Wands
 s - a wand of iceblast (14)
 w - a wand of acid (3)
 y - a wand of charming (20)
 P - a wand of polymorph (5)
Scrolls
 g - 2 scrolls of brand weapon {unknown}
 h - 8 scrolls of poison
 m - a scroll of noise {unknown}
 n - a scroll of enchant weapon {unknown}
 p - a scroll of enchant armour {unknown}
 t - 3 scrolls of magic mapping
 u - 4 scrolls of teleportation {unknown}
 v - 8 scrolls of identify {unknown}
 D - a scroll of fog {unknown}
 F - 3 scrolls of immolation {unknown}
 K - a scroll of blinking
 L - a scroll of amnesia
 Q - a scroll of butterflies {unknown}
Potions
 d - 3 potions of magic
 e - 2 potions of berserk rage {unknown}
 f - a potion of brilliance {unknown}
 i - 8 potions of curing {unknown}
 j - 2 potions of ambrosia {unknown}
 l - a potion of experience {unknown}
 o - 4 potions of invisibility {unknown}
 q - 2 potions of cancellation {unknown}
 z - 2 potions of resistance {unknown}
 A - 3 potions of might {unknown}
 C - 2 potions of lignification {unknown}
 G - 3 potions of attraction {unknown}
 H - 2 potions of degeneration {unknown}
 M - 2 potions of mutation {unknown}
 O - a potion of haste {unknown}


   Skills:
 + Level 11.6 Fighting
 + Level 12.9 Dodging
 - Level 2.3 Stealth
 - Level 5.7 Spellcasting
 - Level 7.0 Conjurations
 - Level 2.2 Summonings
 - Level 1.5 Translocations
 - Level 6.3 Air Magic


You had 14 spell levels left.
You knew the following spells:

 Your Spells              Type           Power      Damage    Failure   Level
a - Magic Dart            Conj           100%       1d8       1%          1
b - Call Imp              Summ           14%        N/A       9%          2
c - Mephitic Cloud        Conj/Pois/Air  23%        N/A       7%          3
d - Blink                 Tloc           22%        N/A       12%         2

Your spell library contained the following spells:

 Spells                   Type           Power      Damage    Failure   Level
 Summon Small Mammal      Summ           56%        N/A       5%          1
 Poisonous Vapours        Pois/Air       36%        N/A       6%          2
 Apportation              Tloc           22%        N/A       8%          1
 Cigotuvi's Dreadful Rot  Necr/Pois/Air  28%        N/A       9%          2
 Necrotise                Necr           20%        1d5       14%         1
 Slow                     Hex            20%        N/A       14%         1
 Animate Armour           Summ/Erth      20%        N/A       65%         4
 Olgreb's Toxic Radiance  Pois           5%         N/A       80%         4
 Borgnjor's Vile Clutch   Necr/Erth      2%         N/A       98%         5
 Ozocubu's Refrigeration  Ice            2%         4d8       100%        7
 Ignition                 Fire           2%         3d3       100%        8
 Chain Lightning          Conj/Air       16%        3d21      100%        9
 Fire Storm               Conj/Fire      9%         8d3       100%        9
 Shatter                  Erth           2%         3d6*      100%        9


Dungeon Overview and Level Annotations

Branches:
Dungeon (12/15)            Temple (1/1) D:5            Lair (1/5) D:10
    Orc (0/2) D:10        Ossuary (visited)

Altars:
Ashenzari
Cheibriados
Dithmenos
Elyvilon
Fedhas
Gozag
Hepliaklqana
Okawaru
Qazlal
Trog
Uskayaw
Vehumet
Wu Jian
Xom
Yredelemnul
Zin
The Shining One

Shops:
D:2 =

Annotations:
D:1 2 transporters
D:3 2 runed translucent doors, PLAYERX's ghost, weakling GnWn


Innate Abilities, Weirdness & Mutations

You have a beak for a mouth.
You have claws for feet.
Your magical nature lets you fly swiftly and evasively.


Message History

The polar bear barely misses you.
You barely miss the polar bear.
The polar bear is heavily wounded.
The polar bear completely misses you. The polar bear closely misses you.
The polar bear barely misses you.
You closely miss the polar bear. You claw the polar bear.
You peck the polar bear.
The polar bear is severely wounded.
The polar bear barely misses you. The polar bear misses you.
The polar bear barely misses you.
You barely miss the polar bear. You claw the polar bear.
Your peck misses the polar bear. Your punch misses the polar bear.
The polar bear is severely wounded.
The polar bear goes berserk!
The polar bear bites you!
The polar bear claws you but does no damage. x2
You closely miss the polar bear.
The polar bear is severely wounded.
The polar bear completely misses you.
The polar bear claws you but does no damage.
The polar bear closely misses you.
You hit the polar bear. You burn the polar bear.
The polar bear is severely wounded.
The polar bear bites you!! The polar bear claws you.
* * * LOW HITPOINT WARNING * * *
The polar bear claws you but does no damage.
The polar bear bites you!
* * * LOW HITPOINT WARNING * * *
The polar bear closely misses you. The polar bear misses you.
You are too injured to fight recklessly!
You are too injured to fight recklessly!
You are too injured to fight recklessly!
You are too injured to fight recklessly!
You are too injured to fight recklessly!
You are too injured to fight recklessly!
You are too injured to fight recklessly!
You are too injured to fight recklessly!
The polar bear attacks as you move away!
The polar bear bites you!!
You die...
Your body crumbles into a pile of gold.

.....###.###
.........#.#
......#....####
....#.......#.#
..............#
##...........P#
#.##.........#
###...<......#####^##.#
###..........@.......
#.P......###h####..
###....#.......
##........#....
#........#...#..
###.........#.!.
#.............
#..#....#..#..
##.##..##..


You could see a polar bear (berserk).

Vanquished Creatures
  2 two-headed ogres
  Pikel (D:7)
  Joseph (D:9)
  A black mamba (Lair:1)
  A kobold demonologist (D:10)
  A gargoyle (D:11)
  A komodo dragon (Lair:1)
  2 unseen horrors (D:12)
  A hornet (D:8)
  2 trolls
  2 shadows
  5 wraiths
  6 slime creatures (D:12)
  3 wyverns
  4 steam dragons
  A basilisk (D:12)
  9 yaks
  Grum (D:8)
  2 vampire mosquitoes (D:10)
  2 acid dragons
  3 sky beasts
  2 centaurs
  2 ogres
  7 wolves
  3 phantoms
  3 lemures (D:7)
  4 bullfrogs
  A kobold brigand (D:9)
  An elf zombie (D:5)
  4 scorpions
  An elf skeleton (D:5)
  3 wights (D:7)
  2 troll zombies (D:10)
  6 killer bees
  A howler monkey (D:5)
  2 lava snakes (D:9)
  A gnoll bouda (D:5)
  4 orc priests
  2 jellies
  An iguana (D:6)
  2 orc wizards
  2 human skeletons (D:5)
  6 ogre zombies (D:10)
  8 mummies (Ossuary)
  8 gnolls
  7 adders
  3 white imps
  A worm (D:2)
  A dart slug (D:1)
  13 orcs
  11 bats
  9 endoplasms
  6 giant cockroaches
  6 goblins
  9 hobgoblins
  5 quokkas
  12 ball pythons
  2 frilled lizards (D:1)
  2 goblin skeletons (D:10)
  2 goblin zombies (D:10)
  2 hobgoblin skeletons (D:10)
  2 hobgoblin zombies
  14 kobolds
  3 kobold zombies (Ossuary)
  2 orc skeletons (D:10)
  17 orc zombies
  6 rats
262 creatures vanquished.

Vanquished Creatures (collateral kills)
  Sigmund (D:5)
  Eustachio (D:5)
  A water moccasin (Lair:1)
  An elf skeleton (D:5)
  An adder (D:5)
  A worm (D:5)
  A ball python (D:4)
  2 hobgoblin zombies (Ossuary)
  A kobold zombie (Ossuary)
10 creatures vanquished.

Vanquished Creatures (others)
  A phantom (D:6)
  A gnoll bouda (D:6)
  2 gnolls (D:6)
  A fungus (Lair:1)
  A plant (Lair:1)
6 creatures vanquished.

Grand Total: 278 creatures vanquished

Notes
Turn   | Place    | Note
-------+----------+-------------------------------------------
     0 | D:1      | cforsyth the Tengu Hedge Wizard began the quest for the
                  | Orb.
     0 | D:1      | Reached XP level 1. HP: 10/10 MP: 5/5
   172 | D:1      | Reached skill level 1 in Translocations
   172 | D:1      | Reached XP level 2. HP: 15/15 MP: 0/7
   695 | D:1      | Reached XP level 3. HP: 19/19 MP: 0/8
   698 | D:1      | Learned a level 2 spell: Call Imp
  1181 | D:1      | Found a faded altar of an unknown god.
  1449 | D:2      | Found Kanait's Jewellery Shop.
  1773 | D:2      | Reached XP level 4. HP: 24/24 MP: 2/10
  2800 | D:3      | Got the Compendium of Orogeny
  2852 | D:3      | Reached skill level 1 in Air Magic
  3116 | D:3      | Found a large runed translucent door.
  3117 | D:3      | Found a large runed translucent door.
  3413 | D:3      | Gained mutation: Your magical nature lets you fly swiftly
                  | and evasively. [Tengu growth]
  3413 | D:3      | Reached XP level 5. HP: 28/28 MP: 8/11
  3466 | D:3      | Noticed PLAYERX's ghost (weakling GnWn)
  3620 | D:3      | Found an iron altar of Okawaru.
  4204 | D:4      | Noticed a sky beast
  4300 | D:4      | Killed a sky beast
  4301 | D:4      | Reached XP level 6. HP: 29/32 MP: 0/13
  5116 | D:4      | Learned a level 3 spell: Mephitic Cloud
  5627 | D:4      | Reached skill level 5 in Conjurations
  5627 | D:4      | Reached XP level 7. HP: 31/36 MP: 5/15
  5737 | D:5      | Entered Level 5 of the Dungeon
  5791 | D:5      | Identified the +5 cloak of Plog {rN+ Slay+3 SInv}
  5903 | D:5      | Found a staircase to the Ecumenical Temple.
  5904 | D:5      | Noticed Sigmund
  5938 | D:5      | Reached skill level 5 in Air Magic
  5980 | D:5      | Reached skill level 5 in Spellcasting
  6003 | D:5      | Found a sand-covered staircase.
  6015 | Ossuary  | Entered an ossuary
  6580 | Ossuary  | Reached XP level 8. HP: 41/41 MP: 6/16
  7312 | D:6      | Identified the +0 robe of the Armadillo {-Cast rElec rF+
                  | rN+}
  7506 | D:6      | Learned a level 2 spell: Blink
  7807 | Temple   | Entered the Ecumenical Temple
  7877 | Temple   | Became a worshipper of Gozag Ym Sagoz the Greedy
  8067 | D:5      | Noticed Eustachio
  8092 | D:5      | Killed Eustachio
  8093 | D:5      | Reached skill level 1 in Fighting
  8093 | D:5      | Reached skill level 3 in Dodging
  8464 | D:5      | Killed Sigmund
  8465 | D:5      | Reached skill level 4 in Dodging
  9245 | D:6      | Found a radiant altar of Vehumet.
  9247 | D:6      | Found a snail-covered altar of Cheibriados.
  9247 | D:6      | Found an ornate altar of the Wu Jian Council.
  9617 | D:7      | Reached skill level 5 in Dodging
  9617 | D:7      | Reached XP level 9. HP: 50/52 MP: 5/18
 10268 | D:7      | Reached skill level 6 in Dodging
 10455 | D:7      | Found a basalt altar of Yredelemnul.
 10542 | D:7      | Reached skill level 5 in Fighting
 11384 | D:8      | Noticed a two-headed ogre
 11595 | D:8      | Noticed Pikel
 11985 | D:7      | Killed Pikel
 11986 | D:7      | Reached skill level 7 in Dodging
 12053 | D:8      | Found a blossoming altar of Fedhas.
 12118 | D:8      | Reached skill level 8 in Dodging
 12337 | D:8      | Reached XP level 10. HP: 61/61 MP: 13/19
 12966 | D:9      | Noticed a two-headed ogre
 12978 | D:9      | Killed a two-headed ogre
 12979 | D:9      | Reached skill level 9 in Dodging
 13119 | D:9      | Identified the amulet of Uxtumn {RegenMP rElec rPois rF++
                  | Str-4}
 13197 | D:8      | Killed a two-headed ogre
 13238 | D:8      | Found a broken altar of Ashenzari.
 13332 | D:8      | Noticed Grum
 13346 | D:8      | Killed Grum
 13475 | D:9      | Found a hide-covered altar of Uskayaw.
 13804 | D:8      | Reached skill level 10 in Dodging
 14000 | D:9      | Noticed Joseph
 14032 | D:9      | Killed Joseph
 14469 | D:10     | Entered Level 10 of the Dungeon
 14474 | D:10     | Reached XP level 11. HP: 71/71 MP: 20/20
 14619 | D:10     | Found a glowing golden altar of the Shining One.
 14620 | D:10     | Found a hazy altar of Hepliaklqana.
 14640 | D:10     | Found a staircase to the Lair.
 15049 | D:10     | Reached skill level 11 in Dodging
 15100 | D:10     | Found a staircase to the Orcish Mines.
 15713 | D:10     | Reached skill level 10 in Fighting
 17287 | D:12     | Reached skill level 12 in Dodging
 17754 | D:12     | Identified the +0 cloak of Gavoth {Str+5 Dex+3}
 18222 | D:12     | Identified the +3 leather armour "Goac" {Fly Str+4}
 18507 | Lair:1   | Entered Level 1 of the Lair of Beasts
 18749 | Lair:1   | Reached XP level 12. HP: 52/80 MP: 21/21
 18938 | Lair:1   | Demolished by a polar bear

Illustrated notes

Levels and vault maps discovered:
D:1:      spicycebolla_arrival_transporter_tutorial, layout_basic,
          shapermc_ecumenical_altar_petra, hangedman_feature_mirror,
          minmay_tree_intersection, minmay_tromino_v4_b
D:2:      layout_basic, serial_shops, shop
D:3:      layout_rooms, okawaru_altar_gauntlet_db, ebering_ghost_disaster_area
D:4:      layout_cave_pods, serial_rivers, chequers_serial_rivers_room_a,
          chequers_serial_rivers_small_3, chequers_serial_rivers_small_a,
          chequers_serial_rivers_room_b, chequers_serial_rivers_micro_c,
          serial_bayou_pond_b, dk_rats_in_the_wall
D:5:      layout_loops_corners, temple_pool_b, nicolae_ossuary_entry_catacombs,
          uniq_eustachio, uniq_sigmund
D:6:      layout_loops_ring, grunt_temple_overflow_diamond,
          lemuel_flamethrower_2
D:7:      layout_basic, kennysheep_small_circle
D:8:      layout_cave_pools, mainiacjoe_overflow_cross_hatched,
          mainiacjoe_overflow_24_doors, uniq_pikel, uniq_grum
D:9:      layout_loops_ring, nicolae_uskayaw_dance_studio, kennysheep_path_1,
          grunt_decor_junction, uniq_joseph
D:10:     layout_stronghold, nicolae_overflow_two_pavilions, lair_entry_dummy,
          zombieorc2_lemuel
D:11:     minmay_general_purpose_star, layout_basic, serial_corexii_hall,
          corexii_hall_statues_i, corexii_hall_statues_t
D:12:     layout_basic, minmay_misc_feat_rows
Temple:   hellmonk_temple_forest_ring
Lair:1:   layout_cave_shapes, minivault_26, beast_lair_carwin_4,
          grunt_megastairs_2

Skill      XL: |  1  2  3  4  5  6  7  8  9 10 11 |
---------------+----------------------------------+-----
Translocations | 1 |  1.5
Conjurations   | 2 3 4 5 6 7 |  7.0
Summonings     | 2 |  2.2
Air Magic      | 1 3 4 5 6 |  6.3
Spellcasting   | 4 5 |  5.7
Fighting       | 3 6 9 11 | 11.6
Dodging        | 5 8 10 12 | 12.9
Stealth        | |  2.3

Action                     |  1- 3 |  4- 6 |  7- 9 | 10-12 || total
---------------------------+-------+-------+-------+-------++-------
  Melee: Dagger            |     7 |    17 |    89 |       ||   113
         Peck              |     3 |     4 |    41 |   117 ||   165
         Kick              |     2 |     3 |    67 |   174 ||   246
         Unarmed           |       |       |    81 |    16 ||    97
         Whip              |       |       |       |   363 ||   363
         Punch             |       |       |       |     6 ||     6
   Cast: Magic Dart        |   105 |   181 |   274 |   286 ||   846
         Call Imp          |     1 |    10 |    19 |     7 ||    37
         Mephitic Cloud    |       |     4 |    13 |    23 ||    40
  Evoke: Wand              |       |       |     2 |       ||     2
    Use: Potion            |       |     1 |       |     1 ||     2
         Scroll            |       |       |     4 |       ||     4
   Stab: Confused          |       |       |     2 |    14 ||    16
         Sleeping          |       |       |       |     1 ||     1
         Distracted        |       |       |       |     2 ||     2
 Armour: Robe              |     7 |    19 |    29 |       ||    55
         Leather armour    |       |       |    66 |   127 ||   193
  Dodge: Dodged            |    25 |    50 |   214 |   458 ||   747

Table legend: (Time is in decaauts)
 A = Elapsed time spent in this place.
 B = Non-inter-level travel time spent in this place.
 C = Inter-level travel time spent in this place.
 D = Time resting spent in this place.
 E = Time spent auto-exploring this place.
 F = Levels seen in this place.
 G = Mean time per level.
                   A        B        C        D        E       F      G
               +--------+--------+--------+--------+--------+-----+--------+
         Total |  18253 |  17792 |    461 |   2434 |  11993 |  15 | 1216.9 |
       Dungeon |  16981 |  16535 |    446 |   2152 |  11373 |  12 | 1415.1 |
        Temple |     77 |     63 |     14 |      0 |     21 |   1 |   77.0 |
          Lair |    421 |    421 |      0 |      0 |    306 |   1 |  421.0 |
       Ossuary |    772 |    772 |      0 |    282 |    291 |   1 |  772.0 |
               +--------+--------+--------+--------+--------+-----+--------+

Top non-repeatable levels by time:
     D:7: 2458 daAuts
     D:4: 1808 daAuts
     D:5: 1521 daAuts
     D:2: 1449 daAuts
     D:6: 1385 daAuts
    D:10: 1340 daAuts
    D:12: 1322 daAuts
     D:9: 1251 daAuts
     D:1: 1237 daAuts
     D:3: 1134 daAuts
     D:8: 1079 daAuts
    D:11: 993 daAuts
 Ossuary: 772 daAuts
  Lair:1: 421 daAuts
  Temple: 77 daAuts
